 Dungeon Crawl Stone Soup version 0.31-a0-955-gcb8bc90ed4 (webtiles) character file.

Game seed: 14287055886057221043

461 BinkBink the Covered (level 6, -10/56 HPs)
             Began as a Minotaur Fighter on Oct 22, 2023.
             Killed by nerve-wracking pain
             ... invoked by a shadow imp
              (14 damage)
             ... on level 4 of the Dungeon.
             The game lasted 00:03:53 (3253 turns).

BinkBink the Covered (Minotaur Fighter)             Turns: 3253, Time: 00:03:53

Health: -10/56     AC:  8    Str: 20    XL:     6   Next: 79%
Magic:  5/5        EV: 10    Int:  5    God:
Gold:   92         SH:  5    Dex: 12    Spells: 5/5 levels left

rFire   . . .        a - +0 war axe
rCold   . . .        c - +0 buckler
rNeg    . . .        b - +0 scale mail
rPois   .            (helmet restricted)
rElec   .            j - +0 cloak
rCorr   .            (no gloves)
SInv    .            (no boots)
Will    .....        (no amulet) Stlth
                     (no ring)
HPRegen 0.29/turn    (no ring)
MPRegen 0.09/turn

%: no passive effects
@: hasted, very quick
A: horns 2, retaliatory headbutt
a: no special abilities


You were on level 4 of the Dungeon.
You visited 2 branches of the dungeon, and saw 5 of its levels.

You collected 92 gold pieces.

Inventory:

Hand Weapons
 a - a +0 war axe (weapon)
Armour
 b - a +0 scale mail (worn)
 c - a +0 buckler (worn)
 j - a +0 cloak (worn)
Jewellery
 p - an amulet of magic regeneration
Scrolls
 e - 4 scrolls of vulnerability {unknown}
 f - a scroll of revelation {unknown}
 k - 2 scrolls of noise {unknown}
 o - a scroll of blinking {unknown}
 q - a scroll of identify {unknown}
 r - a scroll of torment {unknown}
 t - 2 scrolls of fear {unknown}
 u - a scroll of poison {unknown}
Potions
 d - a potion of might
 g - a potion of ambrosia {unknown}
 h - 2 potions of invisibility {unknown}
 i - a potion of heal wounds {unknown}
 l - a potion of haste
 m - a potion of degeneration {unknown}
 n - a potion of lignification {unknown}
 s - a potion of brilliance {unknown}


   Skills:
 + Level 5.3 Fighting
 + Level 4.4 Axes
 + Level 5.3 Armour
 + Level 3.1 Dodging
 + Level 5.2 Shields


You had 5 spell levels left.
You didn't know any spells.
Your spell library contained the following spells:

 Spells                   Type           Power      Damage    Failure   Level
 Sandblast                Erth           0%         2d4       87%         1
 Summon Small Mammal      Summ           0%         N/A       87%         1
 Blink                    Tloc           0%         N/A       95%         2
 Lesser Beckoning         Tloc           0%         N/A       95%         2
 Momentum Strike          Conj/Tloc      0%         3d8       95%         2
 Passwall                 Tmut/Erth      0%         N/A       95%         2
 Scorch                   Fire           0%         2d5       95%         2
 Call Canine Familiar     Summ           0%         N/A       99%         3
 Stone Arrow              Conj/Erth      0%         3d7       99%         3
 Summon Guardian Golem    Hex/Summ       0%         N/A       99%         3
 Brom's Barrelling Bould  Conj/Erth      0%         2d3       100%        4
 Flame Wave               Conj/Fire      0%         2d4       100%        4
 Summon Cactus Giant      Summ           0%         N/A       100%        6


Dungeon Overview and Level Annotations

Branches:
Dungeon (4/15)             Temple (1/1) D:4

Altars:
Elyvilon
Gozag
Makhleb
Nemelex Xobeh
Ru
Sif Muna
Uskayaw
Vehumet
Yredelemnul
Zin


Innate Abilities, Weirdness & Mutations

You have a pair of horns on your head.
You reflexively headbutt those who attack you in melee.


Message History

The shadow imp is lightly wounded.
You hit the orc wizard.
You kill the orc wizard!
The shadow imp closely misses you. The orc hits you but does no damage.
The shadow imp hits you but does no damage.
You completely miss the shadow imp.
The shadow imp is lightly wounded.
You closely miss the orc.
You feel less confused. The shadow imp hits you.
You hit the orc. You headbutt the orc.
You kill the orc!
You closely miss something. You barely miss the shadow imp.
Something hits you but does no damage. The shadow imp hits you.
You slash something! Your headbutt misses something.
You closely miss the shadow imp. The shadow imp gestures at you.
Pain shoots through your body! Something hits you.
The orc hits you but does no damage. The shadow imp closely misses you.
You furiously retaliate!
You headbutt the shadow imp!
You hear some strange, mumbled words.
A magic dart appears from out of thin air!
The magic dart hits you!
You hit the orc.
The orc is heavily wounded.
You barely miss something. You closely miss the shadow imp.
The orc hits you with a +0 mace. The shadow imp gestures at you.
Pain shoots through your body! Something hits you but does no damage.
You hit the orc.
You kill the orc!
You miss something. You closely miss the shadow imp.
The shadow imp gestures at you. Pain shoots through your body!
* * * LOW HITPOINT WARNING * * *
Something hits you but does no damage.
It was a potion of haste.
You feel yourself speed up. The shadow imp gestures at you.
Pain shoots through your body!
You die...

### ....## #### ..
.... ...# P #..#
#..# # +..# #..# #
#..# #..# #
#####.P#+##..#
##+#+##.........)).#
........⌠.......@{.#
..........##+##..5.#
.#+##..#### #+##.#
.# #..# ..# .# #..#
.... .# #..# .....
.. .... ....... ..
###### ....... .#
....[..


You could see a shadow imp.

Vanquished Creatures
  Sigmund (D:3)
  An ogre (D:4)
  A sleepcap (D:4)
  2 orc wizards
  2 adders (D:2)
  3 gnolls (D:3)
  A dart slug (D:1)
  8 orcs
  8 endoplasms
  A giant cockroach (D:1)
  12 goblins
  2 hobgoblins
  6 jackals
  8 kobolds
  A quokka (D:1)
  5 ball pythons
  6 bats
  6 frilled lizards
  6 rats
80 creatures vanquished.

Notes
Turn   | Place    | Note
-------+----------+-------------------------------------------
     0 | D:1      | BinkBink the Minotaur Fighter began the quest for the Orb.
     0 | D:1      | Reached XP level 1. HP: 19/19 MP: 0/0
   186 | D:1      | Reached XP level 2. HP: 25/27 MP: 1/1
   416 | D:1      | Reached skill level 1 in Dodging
   763 | D:2      | Reached XP level 3. HP: 28/33 MP: 2/2
  1468 | D:2      | Found a faded altar of an unknown god.
  1779 | D:2      | Reached XP level 4. HP: 30/40 MP: 3/3
  1976 | D:3      | Found a radiant altar of Vehumet.
  1977 | D:3      | Found a shimmering blue altar of Sif Muna.
  1990 | D:3      | Noticed Sigmund
  2006 | D:3      | Killed Sigmund
  2007 | D:3      | Reached XP level 5. HP: 21/47 MP: 4/4
  2405 | D:3      | Reached XP level 6. HP: 39/55 MP: 5/5
  2506 | D:3      | Reached skill level 5 in Armour
  2640 | D:3      | Found a hide-covered altar of Uskayaw.
  2646 | D:3      | Reached skill level 5 in Fighting
  3123 | D:4      | Reached skill level 5 in Shields
  3200 | D:4      | Found a staircase to the Ecumenical Temple.
  3208 | Temple   | Entered the Ecumenical Temple
  3253 | D:4      | Killed from afar by a shadow imp

Illustrated notes

Levels and vault maps discovered:
D:1:      lordsloth_arrival_two_stooges, layout_loops_ring
D:2:      layout_basic, ebering_ecumenical_altar_mist,
          chequers_serial_rivers_small_b, nicolae_underground_beach
D:3:      layout_loops_corners, lemuel_doored_altar,
          mainiacjoe_overflow_divided_tiny, serial_bayou_lagoon_b, uniq_sigmund
D:4:      corexii_shack_village, layout_cave_pods,
          nicolae_overflow_hidden_temple, minmay_temple_entry_mist,
          enter_ossuary_1, cheibrodos_sewer_entry_drain, uniq_crazy_yiuf_cottage
Temple:   hellmonk_temple_beads

Skill      XL: |  1  2  3  4  5  6 |
---------------+-------------------+-----
Dodging        | 1 2 3 |  3.1
Armour         | 4 5 |  5.3
Shields        | 4 5 |  5.2
Fighting       | 4 5 |  5.3
Axes           | 3 4 |  4.4

Action                     |  1- 3 |  4- 6 || total
---------------------------+-------+-------++-------
  Melee: War axe           |   107 |    89 ||   196
         Headbutt          |    10 |    15 ||    25
    Use: Potion            |       |     1 ||     1
 Armour: Scale mail        |    76 |    97 ||   173
  Dodge: Dodged            |    62 |    43 ||   105
  Block: Buckler           |    21 |    12 ||    33

Table legend: (Time is in decaauts)
 A = Elapsed time spent in this place.
 B = Non-inter-level travel time spent in this place.
 C = Inter-level travel time spent in this place.
 D = Time resting spent in this place.
 E = Time spent auto-exploring this place.
 F = Levels seen in this place.
 G = Mean time per level.
                   A        B        C        D        E       F      G
               +--------+--------+--------+--------+--------+-----+--------+
         Total |   3354 |   3198 |    156 |    178 |   2435 |   5 |  670.8 |
       Dungeon |   3352 |   3196 |    156 |    178 |   2435 |   4 |  838.0 |
        Temple |      1 |      1 |      0 |      0 |      0 |   1 |    1.0 |
               +--------+--------+--------+--------+--------+-----+--------+

Top non-repeatable levels by time:
     D:3: 1273 daAuts
     D:2: 1170 daAuts
     D:1: 761 daAuts
     D:4: 147 daAuts
  Temple: 1 daAuts
